 Dungeon Crawl Stone Soup version 0.28-a0-687-gb91baff9cc (webtiles) character file.

Game seed: 13090254886042329219

148 lawman0 the Chucker (level 5, 0/54 HPs)
             Began as an Ogre Hunter on Oct 19, 2021.
             Was an Initiate of Okawaru.
             Succumbed to an adder's poison
             ... in a sewer.
             The game lasted 00:05:56 (3156 turns).

lawman0 the Chucker (Ogre Hunter)                   Turns: 3156, Time: 00:05:57

Health: 0/54       AC:  3    Str: 16    XL:     5   Next: 30%
Magic:  5/5        EV: 10    Int: 13    God:    Okawaru [......]
Gold:   89         SH:  5    Dex:  9    Spells: 4/4 levels left

rFire   . . .      SeeInvis .   o - +0 flail
rCold   . . .      Faith    .   (no shield)
rNeg    . . .      Spirit   .   b - +0 robe
rPois   +          Reflect  +   (helmet restricted)
rElec   .          Harm     .   (no cloak)
rCorr   .          Rampage  .   (gloves unavailable)
Will    .....                   (boots unavailable)
Stlth   +.........              i - amulet of reflection
HPRegen 0.18/turn               f - ring of poison resistance
MPRegen 0.09/turn               (no ring)

@: lethally poisoned (0 -> -1)
A: large, unfitting armour, tough skin 1
a: Renounce Religion


You were in a sewer.
You worshipped Okawaru.
Okawaru was noncommittal.
You visited 2 branches of the dungeon, and saw 5 of its levels.
You also visited: Sewer.

You collected 89 gold pieces.

Inventory:

Hand Weapons
 a - a +0 short sword
 o - a +0 flail (weapon)
Missiles
 n - 25 stones (quivered)
Armour
 b - a +0 robe (worn)
Jewellery
 f - a ring of poison resistance (left hand)
 i - an amulet of reflection (around neck)
Scrolls
 e - 2 scrolls of immolation
 h - a scroll of vulnerability
 l - a scroll of enchant weapon {unknown}


   Skills:
 + Level 3.7 Fighting
 * Level 5.7 Throwing
 + Level 2.2 Dodging
 + Level 0.9 Stealth
 + Level 0.5 Shields


You had 4 spell levels left.
You didn't know any spells.
Your spell library contained the following spells:

 Spells                   Type           Power      Damage    Failure   Level
 Slow                     Hex            0%         N/A       43%         2
 Confusing Touch          Hex            0%         N/A       67%         3
 Iskenderun's Battlesphe  Conj           0%         2d6       100%        5
 Yara's Violent Unravell  Hex/Tmut       0%         3d3       100%        5
 Iron Shot                Conj/Erth      0%         9d1       100%        6
 Summon Small Mammal      Summ           Unusable   N/A       N/A         1
 Call Canine Familiar     Summ           Unusable   N/A       N/A         3
 Summon Guardian Golem    Hex/Summ       Unusable   N/A       N/A         3
 Spellforged Servitor     Conj/Summ      Unusable   N/A       N/A         7

Dungeon Overview and Level Annotations

Branches:
Dungeon (4/15)             Temple (1/1) D:4           Sewer (1/1)

Altars:
Ashenzari
Cheibriados
Kikubaaqudgha
Nemelex Xobeh
Okawaru
Qazlal
Zin
The Shining One

Annotations:
D:2 Robin
D:4 1 transporter


Innate Abilities, Weirdness & Mutations

You are too large for most types of armour.
You have tough skin. (AC +1)


Message History

The adder bites you. The adder bites you but does no damage.
Unknown command.
Unknown command.
You barely miss the adder.
You feel sick. The adder barely misses you. The adder closely misses you.
The adder bites you but does no damage.
You miss the adder.
You feel sick. The adder misses you. The adder barely misses you.
The adder bites you. You block the adder's attack.
Unknown command.
You barely miss the adder.
The adder is moderately wounded.
You feel sick.
You are no longer poisoned.
The adder bites you but does no damage. The adder barely misses you.
The adder bites you but does no damage.
You hit the adder.
You kill the adder!
Okawaru accepts your kill. The adder closely misses you. The adder bites you.
Unknown command.
You closely miss the adder. The adder bites you.
* * * LOW HITPOINT WARNING * * *
You are poisoned.
The adder poisons you! The rat misses you. The adder barely misses you.
You closely miss the adder.
You feel sick. The rat bites you.
* * * LOW HITPOINT WARNING * * *
The adder bites you.
* * * LOW HITPOINT WARNING * * *
The rat bites you but does no damage.
You miss the adder.
You feel sick. The adder bites you.
* * * LOW HITPOINT WARNING * * *
The adder bites you.
* * * LOW HITPOINT WARNING * * *
The rat bites you.
* * * LOW HITPOINT WARNING * * *
Unknown command.
You aren't carrying any potions.
As you read the scroll of fear, it crumbles to dust.
You assume a fearsome visage.
The rat looks frightened!
The adder looks frightened!
You die...

##.....≈≈≈≈≈.≈≈≈≈≈≈≈≈
#.....#≈≈≈≈≈≈≈≈≈≈≈≈≈≈
#....################
##...## #...## #...#
#...## ##...##
#...@################
#...Sr#≈≈≈≈≈≈≈≈≈≈≈≈≈≈
##....(≈≈≈≈≈≈≈≈≈≈≈≈≈≈
#.....≈≈≈≈≈≈≈≈≈≈≈≈≈≈
#.....≈(≈≈≈≈#r≈#≈≈≈≈
##....≈≈≈≈≈≈≈≈≈≈≈≈≈≈
###..≈≈≈≈≈≈.r≈≈≈≈≈≈
#################


You could see an adder (fleeing) and a rat (fleeing).

Vanquished Creatures
  3 river rats (Sewer)
  5 adders
  A worm (D:4)
  A dart slug (D:2)
  5 orcs
  6 ball pythons
  7 bats
  4 endoplasms
  A giant cockroach (D:4)
  5 hobgoblins
  4 quokkas
  4 frilled lizards
  7 goblins
  7 kobolds
  13 rats
73 creatures vanquished.

Vanquished Creatures (others)
  A goblin (D:2)
  2 plants (D:2)
3 creatures vanquished.

Grand Total: 76 creatures vanquished

Notes
Turn   | Place    | Note
-------+----------+-------------------------------------------
     0 | D:1      | lawman0 the Ogre Hunter began the quest for the Orb.
     0 | D:1      | Reached XP level 1. HP: 22/22 MP: 1/1
     8 | D:1      | booo
   184 | D:1      | Reached XP level 2. HP: 29/29 MP: 2/2
  1157 | D:2      | Reached XP level 3. HP: 36/36 MP: 3/3
  1303 | D:2      | Reached skill level 5 in Throwing
  1435 | D:2      | Noticed Robin
  1496 | D:3      | Found an ancient bone altar of Kikubaaqudgha.
  1835 | D:3      | Reached XP level 4. HP: 39/45 MP: 4/4
  1907 | D:3      | Found a faded altar of an unknown god.
  2538 | D:4      | Found a staircase to the Ecumenical Temple.
  2549 | Temple   | Entered the Ecumenical Temple
  2559 | Temple   | Became a worshipper of Warmaster Okawaru
  2640 | D:4      | Found a transporter.
  2737 | D:4      | Found a glowing drain.
  2741 | Sewer    | Entered a sewer
  2851 | Sewer    | Reached XP level 5. HP: 15/53 MP: 5/5
  3155 | Sewer    | HP: 2/54 [adder (3)]
  3156 | Sewer    | Succumbed to an adder's poison

Illustrated notes

# #. #. #.. ###
#.###.# #.....#
###.#.#.###
#......@..#
#.#.#.#.#.# ..
#.#.....
#.#.###.###.#.#
#......<......#
#.#.###.###.#.#
. #.# ... #.#
#. ...


Turn 8 on D:1: booo

Levels and vault maps discovered:
D:1:      roderic_chinese_lattice_arrival, layout_basic, nrook_loot_triangle
D:2:      layout_loops_ring, lexackson_kobold_supper, uniq_robin
D:3:      layout_rooms, kiku_gazebo_pond_becter,
          chequers_ecumenical_altar_simple_redux, item_on_display_a
D:4:      gammafunk_wand_slinger, layout_basic,
          minmay_temple_entry_glassed_door, gup_sewer_entry_spiral,
          dk_rats_in_the_wall
Temple:   eino_temple_rhombus
Sewer:    sewer_minmay_w

Skill      XL: |  1  2  3  4 |
---------------+-------------+-----
Throwing       | 5 |  5.7
Fighting       | 3 |  3.7
Dodging        | 2 |  2.2
Stealth        | |  0.9
Shields        | |  0.5

Action                   |  1- 3 |  4- 6 || total
-------------------------+-------+-------++-------
Melee: Short sword       |    98 |    39 ||   137
       Flail             |       |    60 ||    60
Throw: Large rock        |    35 |     7 ||    42
       Throwing net      |       |     2 ||     2
       Dart              |       |     6 ||     6
  Use: Potion            |     1 |     1 ||     2
       Scroll            |       |     5 ||     5
 Stab: Invisible         |     1 |       ||     1
       Sleeping          |       |     1 ||     1
Armor: Robe              |    30 |    23 ||    53
Dodge: Dodged            |    50 |    54 ||   104
Block: Other             |    13 |    28 ||    41

Table legend: (Time is in decaauts)
 A = Elapsed time spent in this place.
 B = Non-inter-level travel time spent in this place.
 C = Inter-level travel time spent in this place.
 D = Time resting spent in this place.
 E = Time spent auto-exploring this place.
 F = Levels seen in this place.
 G = Mean time per level.
                   A        B        C        D        E       F      G
               +--------+--------+--------+--------+--------+-----+--------+
         Total |   3266 |   3215 |     51 |    498 |   1857 |   6 |  544.3 |
       Dungeon |   2793 |   2751 |     42 |    194 |   1810 |   4 |  698.2 |
        Temple |     20 |     11 |      9 |      0 |      0 |   1 |   20.0 |
         Sewer |    451 |    451 |      0 |    304 |     47 |   1 |  451.0 |
               +--------+--------+--------+--------+--------+-----+--------+

Top non-repeatable levels by time:
     D:1: 972 daAuts
     D:3: 889 daAuts
     D:2: 499 daAuts
   Sewer: 451 daAuts
     D:4: 432 daAuts
  Temple: 20 daAuts
